 Dungeon Crawl Stone Soup version 0.28.0-49-g6dfe1f597d (webtiles) character file.

Game seed: 4484549782479599310

60 Peloso the Skirmisher (level 3, -4/34 HPs)
             Began as a Minotaur Fighter on May 12, 2022.
             Slain by an iron imp (8 damage)
             ... summoned by Natasha
             ... on level 2 of the Dungeon.
             The game lasted 00:01:08 (854 turns).

Peloso the Skirmisher (Minotaur Fighter)             Turns: 854, Time: 00:01:09

Health: -4/34      AC:  7    Str: 20    XL:     3   Next: 80%
Magic:  2/2        EV:  9    Int:  5    God:
Gold:   11         SH:  4    Dex: 11    Spells: 2/2 levels left

rFire   . . .      SeeInvis .   a - +0 long sword
rCold   . . .      Faith    .   c - +0 buckler
rNeg    . . .      Spirit   .   b - +0 scale mail
rPois   .          Reflect  .   (helmet restricted)
rElec   .          Harm     .   (no cloak)
rCorr   .          Rampage  .   (no gloves)
Will    .....                   (no boots)
Stlth   ..........              (no amulet)
HPRegen 0.11/turn               (no ring)
MPRegen 0.08/turn               (no ring)

@: no status effects
A: horns 2, retaliatory headbutt
a: no special abilities


You were on level 2 of the Dungeon.
You visited 1 branch of the dungeon, and saw 2 of its levels.

You collected 11 gold pieces.

Inventory:

Hand Weapons
 a - a +0 long sword (weapon)
Armour
 b - a +0 scale mail (worn)
 c - a +0 buckler (worn)
Potions
 d - 2 potions of might
 e - a potion of lignification {unknown}
 f - a potion of haste {unknown}


   Skills:
 + Level 4.4 Fighting
 + Level 3.4 Long Blades
 + Level 4.2 Armour
 + Level 0.4 Dodging
 + Level 3.9 Shields


You had 2 spell levels left.
You didn't know any spells.
Your spell library contained the following spells:

 Spells                   Type           Power      Damage    Failure   Level
 Sandblast                Erth           0%         2d4       88%         1
 Passwall                 Tmut/Erth      0%         N/A       96%         2
 Ignite Poison            Fire/Tmut/Pois 0%         N/A       99%         3
 Mephitic Cloud           Conj/Pois/Air  0%         N/A       99%         3
 Stone Arrow              Conj/Erth      0%         3d7       99%         3
 Freezing Cloud           Conj/Ice/Air   0%         6-21      100%        5


Dungeon Overview and Level Annotations

Branches:
Dungeon (2/15)

Altars:

Annotations:
D:2 Natasha


Innate Abilities, Weirdness & Mutations

You have a pair of horns on your head.
You reflexively headbutt those who attack you in melee.


Message History

The goblin is severely wounded.
The goblin hits you but does no damage. x2
You hit the goblin.
You kill the goblin!
You see here a +0 dagger.
Things that are here:
a +0 short sword; 2 stones; a kobold corpse
There is a stone staircase leading up, spattered with blood here.
Natasha, Servant of Life and Death comes into view.
Natasha is nearby!
Natasha is nearby!
Natasha hisses angrily.
Things that are here:
a +0 short sword; 2 stones; a kobold corpse Natasha claws you.
Natasha claws you!
Natasha howls an incantation.
You feel troubled.
You barely miss Natasha. Natasha claws you.
Natasha mumbles some strange words.
You closely miss Natasha. Your headbutt misses Natasha.
Natasha claws you but does no damage.
You closely miss Natasha. Natasha claws you but does no damage.
You barely miss Natasha. Natasha completely misses you.
You furiously retaliate!
You headbutt Natasha! The iron imp hits you!
You closely miss Natasha. Your headbutt misses Natasha.
Natasha is heavily wounded.
Natasha barely misses you. The iron imp closely misses you.
Natasha closely misses you.
You miss Natasha.
Natasha is heavily wounded.
Natasha claws you but does no damage. The iron imp hits you.
You barely miss Natasha.
Natasha is heavily wounded.
Natasha claws you!
* * * LOW HITPOINT WARNING * * *
You hit Natasha.
Natasha is severely wounded.
The iron imp hits you!
You die...

#... #.#
.##..#####.####
..............#
.........)##
#..#...†)<# .
#.......###
...#.......#
.......h5..#
.......@...#
......######
....#. ... . #.


You could see an iron imp (summoned) and Natasha.

Vanquished Creatures
  Natasha (D:2)
  2 worms (D:1)
  A dart slug (D:2)
  An endoplasm (D:1)
  2 giant cockroaches
  4 goblins
  4 hobgoblins (D:1)
  2 quokkas (D:1)
  2 ball pythons
  2 bats
  2 kobolds
  2 rats (D:1)
25 creatures vanquished.

Notes
Turn   | Place    | Note
-------+----------+-------------------------------------------
     0 | D:1      | Peloso the Minotaur Fighter began the quest for the Orb.
     0 | D:1      | Reached XP level 1. HP: 19/19 MP: 0/0
   105 | D:1      | Reached XP level 2. HP: 15/27 MP: 1/1
   444 | D:1      | Found a faded altar of an unknown god.
   736 | D:2      | Noticed Natasha
   749 | D:2      | Killed Natasha
   750 | D:2      | Reached XP level 3. HP: 29/34 MP: 2/2
   841 | D:2      | Noticed Natasha
   854 | D:2      | Slain by an iron imp

Illustrated notes

Levels and vault maps discovered:
D:1:      giann_horns, layout_loops_ring, hellmonk_ecumenical_altar_zigzags,
          nicolae_wormholes
D:2:      layout_basic, uniq_natasha

Skill      XL: |  1  2 |
---------------+-------+-----
Fighting       | 4 |  4.4
Long Blades    | 3 |  3.4
Armour         | 4 |  4.2
Dodging        | |  0.4
Shields        | |  3.9

Action                   || total
-------------------------++-------
Melee: Long sword        ||    72
       Headbutt          ||     9
Armor: Scale mail        ||    51
Dodge: Dodged            ||    30
Block: Buckler           ||    16
